 Dungeon Crawl Stone Soup version 0.24.0-125-gc4c63601f3 (webtiles) character file.

Game seed: 9961216266001407267, levelgen mode: deterministic

132 Jerry the Cudgeler (level 5, -12/28 HPs)
             Began as a Vine Stalker Chaos Knight on Feb 27, 2020.
             Was a Plaything of Xom.
             Killed from afar by a revenant (25 damage)
             ... with a ghostly fireball
             ... on level 2 of the Abyss.
             The game lasted 00:09:02 (1866 turns).

Jerry the Cudgeler (Vine Stalker Chaos Knight)      Turns: 1866, Time: 00:09:05

Health: -12/28     AC:  8    Str: 16    XL:     5   Next: 15%
Magic:  0/6        EV: 11    Int: 14    God:    Xom [....*.]
Gold:   111        SH:  0    Dex: 13    Spells: 4/4 levels left

rFire    . . .     SeeInvis .   a - +0 mace (chaos)
rCold    + . .     Gourm    .   (no shield)
rNeg     . . .     Faith    .   b - +2 leather armour
rPois    .         Spirit   +   (no helmet)
rElec    .         Reflect  .   i - +1 cloak
rCorr    .         Harm     .   m - +0 pair of gloves
MR       .....                  (no boots)
Stlth    +.........             (no amulet)
HPRegen  0.49/turn              n - ring of protection from cold
MPRegen  0.10/turn              (no ring)

@: drained
A: fangs 2, clever 1, high mp 1, regeneration 1, magic shield, antimagic bite,
no potion heal 3, rot immunity
a: Renounce Religion


You were on level 2 of the Abyss.
You worshipped Xom.
You were a beloved toy of Xom.
You were not hungry.

You visited 1 branch of the dungeon, and saw 3 of its levels.
You visited the Abyss 1 time.

You collected 111 gold pieces.

Inventory:

Hand Weapons
 a - a +0 mace of chaos (weapon)
 k - a +0 whip
 t - the +8 arbalest of Toczoaf {chaos, rPois Str-5 SInv Stlth+}
   (Xom gifted it to you on level 2 of the Dungeon)

   Each projectile launched from it has a different, random effect.
   It affects your strength (-5).
   It protects you from poison.
   It lets you see invisible.
   It makes you more stealthy.
 v - a +1 short sword of speed
Armour
 b - a +2 leather armour (worn)
 i - a +1 cloak (worn)
 m - a +0 pair of gloves (worn)
 r - a +0 plate armour
Jewellery
 n - a ring of protection from cold (left hand)
Scrolls
 d - 5 scrolls of identify
 e - a scroll of noise {unknown}
 l - a scroll of immolation {unknown}
 o - 3 scrolls of enchant armour {unknown}
 q - a scroll of blinking {unknown}
 u - 4 scrolls of amnesia {unknown}
 w - a scroll of enchant weapon {unknown}
Potions
 f - a potion of haste {unknown}
 g - a potion of flight {unknown}
 h - 2 potions of curing {unknown}
 j - a potion of brilliance {unknown}
 p - a potion of heal wounds {unknown}
 s - a potion of mutation {unknown}
Comestibles
 c - 3 rations
 x - a chunk of flesh


   Skills:
 + Level 3.4(2.8) Fighting
 * Level 4.1(3.5) Maces & Flails
 + Level 2.4(1.9) Armour
 - Level 0.7(0.1) Dodging


You had 4 spell levels left.
You didn't know any spells.
Your spell library contained the following spells:

 Spells                   Type           Power        Failure   Level  Hunger
 Magic Dart               Conj           #...         34%         1    ##.....
 Blink                    Tloc           N/A          47%         2    ###....
 Call Imp                 Summ           #.......     47%         2    ###....
 Slow                     Hex            #.......     47%         2    ###....
 Conjure Flame            Conj/Fire      #.......     71%         3    ####...
 Mephitic Cloud           Conj/Pois/Air  #.......     71%         3    ####...


Dungeon Overview and Level Annotations

Branches:
Dungeon (3/15)

Altars:


Innate Abilities, Weirdness & Mutations

You have extremely sharp teeth.
Your natural rate of healing is unusually fast.
When hurt, damage is shared between your health and your magic reserves.
Your bite disrupts and absorbs the magic of your enemies.
Potions cannot restore your health.
You are immune to rotting.
Your mind is acute. (Int +2)
You have an increased reservoir of magic. (+10% MP)


Message History

The bone dragon bites you!!
Ouch! That really hurt!
Xom thinks this is hilarious!
A shower of butterflies erupts from you!
The bone dragon claws you.
The bone dragon tramples you but does no damage.
You swap places.
The bone dragon closely misses your butterfly.
The bone dragon claws your butterfly.
Your butterfly dies!
The revenant shouts!
The bone dragon bites your butterfly!!
Your butterfly dies!
A lich comes into view.
The revenant lashes out with ghostly flames.
The ghostly flame explodes!
The ghostly fireball engulfs you!!
You feel drained.
Ouch! That really hurt!
You die...
Xom howls with laughter!

. #. #. ♣# ##
##.##. # .. . . !
#.... . #
#...####'#'#. .....
. #.....# .. . ..
#..L..####...8 #.
#D####.............
.# .. ........@#
#### # . .
###...b..## #... ##
. ..........##..##
....
.........#..#..#.#
.........#......#..
# ..
....#'..b....##..#
#
#..........b..##.#
#########.........#
#..#......##.#


You could see a revenant.

Vanquished Creatures
  2 gnolls
  4 adders
  3 worms
  A leopard gecko (D:1)
  An orc (D:3)
  9 bats
  4 giant cockroaches
  9 goblins
  10 hobgoblins
  5 frilled lizards
  10 kobolds
  5 rats
63 creatures vanquished.

Notes
Turn   | Place    | Note
-------+----------+-------------------------------------------
     0 | D:1      | Jerry the Vine Stalker Chaos Knight began the quest for the
                  | Orb.
     0 | D:1      | Reached XP level 1. HP: 11/11 MP: 2/2
    31 | D:1      | XOM: divination: detect creatures
   193 | D:1      | Reached XP level 2. HP: 15/16 MP: 3/3
   193 | D:1      | XOM: polymorph bat -> leopard gecko
   201 | D:1      | Reached skill level 3 in Maces & Flails
   285 | D:1      | XOM: 5-stop teleportation journey
   350 | D:1      | XOM: polymorph bat -> frilled lizard
   444 | D:1      | XOM: stat loss: -1 Str (13/14)
   808 | D:2      | Reached XP level 3. HP: 15/20 MP: 2/4
   921 | D:2      | Gained mutation: Your natural rate of healing is unusually
                  | fast. [Vine Stalker growth]
   921 | D:2      | Reached XP level 4. HP: 18/24 MP: 3/5
   934 | D:2      | XOM: give mutations
   934 | D:2      | Gained mutation: Your mind is acute. (Int +2) [Xom's grace]
   934 | D:2      | Gained mutation: You have an increased reservoir of magic.
                  | (+10% MP) [Xom's grace]
  1108 | D:2      | XOM: god gift: twisted arbalest {god gift}
  1117 | D:2      | Got a twisted arbalest {god gift}
  1118 | D:2      | Identified the +8 arbalest of Toczoaf {chaos, rPois Str-5
                  | SInv Stlth+} (Xom gifted it to you on level 2 of the
                  | Dungeon)
  1240 | D:2      | XOM: divination: detect creatures
  1443 | D:3      | XOM: polymorph iguana -> gnoll
  1743 | D:3      | Reached skill level 4 in Maces & Flails
  1764 | D:3      | XOM: 2-stop teleportation journey
  1768 | D:3      | Reached XP level 5. HP: 28/28 MP: 6/6
  1782 | D:3      | XOM: divination: detect items
  1813 | D:3      | XOM is BORED!
  1813 | D:3      | XOM: medium Tloc miscast
  1813 | D:3      | Cast into level 2 of the Abyss (the capriciousness of Xom)
  1823 | Abyss:2  | Noticed a revenant
  1828 | Abyss:2  | Noticed a small abomination
  1833 | Abyss:2  | Noticed a bone dragon
  1848 | Abyss:2  | XOM: divination: magic mapping
  1862 | Abyss:2  | XOM: butterfly on damage
  1866 | Abyss:2  | Noticed a lich
  1866 | Abyss:2  | Killed from afar by a revenant

Levels and vault maps discovered:
D:1:      giann_forest_graveyard, layout_basic
D:2:      layout_rooms, minmay_quadrilaterals
D:3:      layout_basic, minivault_11
Abyss:2:  base: D:1, evilmike_abyss_exit_8

Skill      XL: |  1  2  3  4 |
---------------+-------------+-----
Maces & Flails | 3 4 |  4.1
Fighting       | 3 |  3.4
Armour         | 2 |  2.4
Dodging        | |  0.7

Action                   |  1- 3 |  4- 6 || total
-------------------------+-------+-------++-------
Melee: Mace              |    67 |    80 ||   147
       Bite              |    13 |    20 ||    33
  Use: Scroll            |       |     1 ||     1
 Stab: Sleeping          |       |     2 ||     2
       Petrifying        |       |     1 ||     1
  Eat: Chunk             |       |     3 ||     3
Armor: Leather armour    |    31 |    30 ||    61
Dodge: Dodged            |    42 |    41 ||    83
